 Dungeon Crawl Stone Soup version 0.32-a0-876-gcfddb08e57 (webtiles) character file.

Game seed: 17940958465408336308

17099 SoakedWettersCrisps the Toxicologist (level 12, -2/78 HPs)
             Began as a Naga Alchemist on Mar 30, 2024.
             Was a High Priest of Hepliaklqana.
             Slain by an ogre
             ... wielding a +0 giant club
              (19 damage)
             ... on level 2 of the Orcish Mines on Apr 1, 2024.
             The game lasted 01:00:10 (10175 turns).

SoakedWettersCrisps the Toxicologist (NaAl)        Turns: 10175, Time: 01:00:11

Health: -2/78      AC: 22    Str: 12    XL:     12   Next: 44%
Magic:  6/25       EV:  9    Int: 19    God:    Hepliaklqana [*****.]
Gold:   192        SH:  0    Dex: 20    Spells: 7/30 levels left

rFire   + + .        F - +7 great mace "Firestarter" {flame, immolate, rFlCloud rF++}
rCold   . . .        (shield currently unavailable)
rNeg    + + .        k - +0 robe of the Lost Dances {Dex+3 Archmagi}
rPois   +            C - +2 helmet {Int+3}
rElec   .            (no cloak)
rCorr   .            (no gloves)
SInv    +            q - +10 Black Knight's barding {ponderous, rPois rN+}
Will    +....        w - amulet of faith
Stlth   +++++        l - ring of positive energy
HPRegen 0.33/turn    (no ring)
MPRegen 0.19/turn

%: faith, archmagi
@: very slow
A: reduced essence, AC +4, large, see invisible, deformed body, poison
resistance, slowness 2, spit poison 1, naga tail 1, agile 1, frail 1, wild magic
1
a: Spit Poison, Renounce Religion, Recall Ancestor, Ancestor Identity,
Transference, Idealise


You were on level 2 of the Orcish Mines.
You worshipped Hepliaklqana.
Hepliaklqana was extremely pleased with you.
You visited 2 branches of the dungeon, and saw 12 of its levels.
You also visited: Ossuary.

You collected 1150 gold pieces.
You spent 958 gold pieces at shops.

Inventory:

Hand Weapons
 c - a +3 dagger of venom
 t - a -1 demon whip of venom
 F - the +7 great mace "Firestarter" (weapon) {flame, immolate, rFlCloud rF++}
   (You bought it in a shop on level 1 of the Orcish Mines)

   rFlCloud:  It grants immunity to clouds of flame.
   rF++:      It greatly protects you from fire.
Armour
 a - a +0 robe
 f - a +0 leather armour
 k - the +0 robe of the Lost Dances (worn) {Dex+3 Archmagi}
   (You found it on level 2 of the Dungeon)

   Dex+3:     It affects your dexterity (+3).
   Archmagi:  It increases the power of your magical spells.
 q - the +10 Black Knight's barding (worn) {ponderous, rPois rN+}
   (You found it on level 10 of the Dungeon)

   rPois:     It protects you from poison.
   rN+:       It protects you from negative energy.
 x - an orb of energy
 y - a +2 hat
 C - a +2 helmet of intelligence (worn)
Magical Staves
 e - a staff of alchemy
Jewellery
 b - a ring of ice
 l - a ring of positive energy (left hand)
 w - an amulet of faith (around neck)
 E - an amulet of guardian spirit
Wands
 u - a wand of iceblast (6)
Scrolls
 A - a scroll of vulnerability {unknown}
 D - a scroll of enchant armour
Potions
 d - 2 potions of curing
 h - 2 potions of might {unknown}
 i - 3 potions of brilliance {unknown}
 m - a potion of mutation
 o - 2 potions of attraction
 p - 2 potions of berserk rage {unknown}
 r - 2 potions of haste
 s - a potion of enlightenment {unknown}
 v - a potion of invisibility {unknown}
 z - a potion of degeneration {unknown}
 B - 4 potions of lignification {unknown}


   Skills:
 + Level 3.6 Fighting
 + Level 5.5(6.2) Maces & Flails
 + Level 4.3(5.6) Staves
 + Level 0.1 Armour
 + Level 4.8 Dodging
 + Level 10.1 Stealth
 + Level 9.9 Spellcasting
 + Level 6.0 Conjurations
 + Level 0.5 Fire Magic
 + Level 5.7 Air Magic
 + Level 0.3 Earth Magic
 + Level 11.5 Alchemy
 + Level 1.9 Evocations


You had 7 spell levels left.
You knew the following spells:

 Your Spells              Type           Power      Damage    Failure   Level
a - Sting                 Conj/Alch      100%       1d9       1%          1
b - Mercury Vapours       Alch/Air       100%       N/A       1%          2
c - Olgreb's Toxic Radia  Alch           81%        N/A       1%          4
d - Mephitic Cloud        Conj/Alch/Air  66%        N/A       1%          3
e - Sticky Flame          Fire/Alch      58%        2d10      10%         4
f - Petrify               Alch/Erth      58%        N/A       10%         4
g - Irradiate             Conj/Alch      35%        3d23      9%          5

Your spell library contained the following spells:

 Spells                   Type           Power      Damage    Failure   Level
 Magic Dart               Conj           100%       1d8       1%          1
 Static Discharge         Conj/Air       100%       3-8/arc   2%          2
 Swiftness                Air            57%        N/A       4%          3
 Momentum Strike          Conj/Tloc      80%        3d10      5%          2
 Airstrike                Air            28%        2d(5-21)  11%         4
 Blink                    Tloc           36%        N/A       17%         2
 Call Imp                 Summ           36%        N/A       17%         2
 Ensorcelled Hibernation  Hex/Ice        36%        N/A       17%         2
 Lesser Beckoning         Tloc           36%        N/A       17%         2
 Sublimation of Blood     Necr           18%        N/A       17%         2
 Passwall                 Erth           20%        N/A       26%         3
 Summon Lightning Spire   Summ/Air       39%        N/A       30%         4
 Freezing Cloud           Conj/Ice/Air   23%        6-21      47%         5
 Animate Dead             Necr           18%        N/A       67%         4
 Borgnjor's Vile Clutch   Necr/Erth      9%         N/A       93%         5
 Death Channel            Necr           9%         N/A       100%        6


Dungeon Overview and Level Annotations

Branches:
Dungeon (12/15)               Orc (2/2) D:12        Ossuary (visited)
 Temple: D:4-7         Lair: D:8-11         Elf: Orc:2

Altars:
Cheibriados
Fedhas
Gozag
Hepliaklqana
Kikubaaqudgha
Qazlal
Sif Muna
Beogh

Shops:
D:1 (   D:4 (*[[=   D:10 [   Orc:1 *   Orc:2 !


Innate Abilities, Weirdness & Mutations

Your life essence is reduced to manifest your ancestor. (-10% HP)
Your serpentine skin is tough. (AC +4)
You have supernaturally acute eyesight. (SInv)
Armour fits poorly on your strangely shaped body.
Your system is resistant to poisons. (rPois)
You cover ground very slowly.
You can spit poison.
You have a snake-like lower body.
You are agile. (Dex +4, Str/Int -1)
You are frail. (-10% HP)
Your spells are a little harder to cast, but a little more powerful.


Message History

You sock the warg!
Flame seeps out of the warg.
You burn the warg.
Flame seeps out of the warg.
The warg is almost dead.
The warg's inner flame fades away.
The obsidian bat bites you!
The warg is engulfed in blazing flames.
You kill the warg!
Jillifib closely misses the obsidian bat.
The obsidian bat bites you but does no damage.
Your life force feels restored.
The obsidian bat flits into the dungeon's darkness for a moment.
The obsidian bat attacks as it pursues you!
The obsidian bat barely misses you.
The obsidian bat bites you but does no damage.
Jillifib closely misses the obsidian bat.
The obsidian bat barely misses you.
Jillifib hits the obsidian bat with a +0 flail!
The obsidian bat bites you but does no damage.
The orc barely misses Jillifib.
The ogre attacks as it pursues you! The ogre barely misses you.
You hit the obsidian bat.
The obsidian bat is filled with an inner flame.
The obsidian bat is heavily damaged.
The obsidian bat bites you but does no damage. x2
The orc hits Jillifib with a +0 short sword.
Jillifib hits the obsidian bat but does no damage.
The ogre closely misses you. The orc warrior barely misses you.
You hit the obsidian bat but do no damage.
The obsidian bat is heavily damaged.
The obsidian bat's inner flame fades away.
The obsidian bat bites you but does no damage.
The obsidian bat closely misses Jillifib.
The orc hits Jillifib with a +0 short sword.
The obsidian bat bites you but does no damage.
The orc warrior hits you from afar with a +0 glaive!
* * * LOW HITPOINT WARNING * * *
Jillifib hits the orc with a +0 flail!
The orc dies!
The ogre hits you with a +0 giant club!!
You die...
Hepliaklqana delivers you to your ancestors.

...............
..................#
...................
.....#.............
.#..#..............
..........o..#.....
..........O........
.........ob@.......
........†R##.......
#.#.....)..#.......
#..................
....#...........#..
#....######.....# .
....# ..#..# ...#
#..... .# ..#


You could see the friendly Jillifib the knight, an obsidian bat, an orc warrior,
an ogre and an orc.

Vanquished Creatures
  Josephine (D:11)
  Fannar (D:10)
  An ogre mage (Orc:2)
  Amaemon (D:10)
  Lodul (D:11)
  5 orc sorcerers (Orc:2)
  A manticore (D:11)
  An orange demon (D:10)
  2 unseen horrors
  A komodo dragon (D:10)
  A troll (Orc:1)
  2 wraiths (D:11)
  16 yaks
  A vampire mosquito (D:12)
  2 wargs (Orc:2)
  Edmund (D:5)
  A swamp worm (D:10)
  A water moccasin (D:5)
  8 orc warriors
  A black bear (D:5)
  6 ogres
  A centaur (D:10)
  A kobold brigand (D:6)
  A bullfrog (D:6)
  A howler monkey (D:5)
  4 orc priests
  A hound (D:5)
  Natasha (twice) (D:3)
  3 iguanas
  14 orc wizards
  2 hound zombies (Ossuary)
  A mummy (Ossuary)
  Robin (D:2)
  7 adders
  An ufetubus (D:6)
  An adder skeleton (D:2)
  3 dart slugs (D:1)
  3 ribbon worms
  29 orcs
  5 ball pythons
  4 endoplasms (D:1)
  2 giant cockroaches
  2 gnoll zombies (Ossuary)
  10 goblins
  4 hobgoblins
  5 jackals
  9 kobolds
  A quokka (D:3)
  6 bats
  4 frilled lizards
  A kobold zombie (Ossuary)
  A rat (D:1)
185 creatures vanquished.

Vanquished Creatures (collateral kills)
  Nergalle (D:11)
  2 orc sorcerers (Orc:2)
  Maggie (D:10)
  A troll (D:12)
  A shadow (D:11)
  A wraith (D:11)
  5 yaks
  A warg (Orc:1)
  A swamp worm (D:10)
  2 vampire mosquitoes (D:12)
  An orc warrior (Orc:1)
  2 black bears
  3 ogres
  3 elf zombies (Ossuary)
  A jelly (D:6)
  A scorpion (D:5)
  3 bombardier beetles (D:5)
  3 human zombies (Ossuary)
  2 sleepcaps (D:6)
  6 orc wizards
  Natasha (D:3)
  3 iguanas
  A hound zombie (Ossuary)
  A mummy (Ossuary)
  An adder (D:4)
  A shadow imp (D:6)
  2 white imps
  An ufetubus (D:6)
  3 adder zombies (Ossuary)
  10 orcs
  A bat skeleton (D:2)
  2 endoplasms
  2 hobgoblins
  4 gnoll zombies (Ossuary)
  2 goblins
  A jackal skeleton (D:2)
  7 jackal zombies (Ossuary)
  6 kobold zombies (Ossuary)
  5 orc zombies (Ossuary)
95 creatures vanquished.

Vanquished Creatures (others)
  4 knights
  2 ancestors (D:2)
6 creatures vanquished.

Grand Total: 286 creatures vanquished

Notes
Turn   | Place    | Note
-------+----------+-------------------------------------------
     0 | D:1      | SoakedWettersCrisps the Naga Alchemist began the quest for
                  | the Orb.
     0 | D:1      | Reached XP level 1. HP: 15/15 MP: 3/3
    40 | D:1      | Reached XP level 2. HP: 22/22 MP: 1/5
   223 | D:1      | Reached skill level 4 in Alchemy
   227 | D:1      | Found Joxkuss Uhua's Weapon Shop.
   495 | D:1      | Reached XP level 3. HP: 28/28 MP: 6/6
   498 | D:1      | Learned a level 2 spell: Mercury Vapours
   899 | D:1      | Found a faded altar of an unknown god.
   911 | D:1      | Prayed at the altar of an unknown god.
   911 | D:1      | Became a worshipper of Hepliaklqana the Forgotten
   911 | D:1      | Reached * piety under Hepliaklqana
  1121 | D:2      | Identified the +0 robe of the Lost Dances {Dex+3 Archmagi}
  1509 | D:2      | Reached XP level 4. HP: 32/32 MP: 5/7
  1530 | D:2      | Noticed Robin
  1538 | D:2      | Killed Robin
  1539 | D:2      | Reached skill level 1 in Staves
  2231 | D:3      | Identified the +4 sling "Zivyif" {flame, rC+ Str+5}
  2237 | D:3      | Upgraded the game from 0.32-a0-872-g59262bdc9b to
                  | 0.32-a0-876-gcfddb08e57
  2256 | D:3      | Reached ** piety under Hepliaklqana
  2257 | D:3      | Remembered your ancestor Jillifib as a knight
  2322 | D:3      | Learned a level 4 spell: Olgreb's Toxic Radiance
  2369 | D:3      | Noticed Natasha
  2374 | D:3      | Killed Natasha
  2375 | D:3      | Reached XP level 5. HP: 31/38 MP: 5/9
  2399 | D:3      | Noticed Natasha
  2408 | D:3      | Killed Natasha
  2457 | D:3      | Noticed Natasha
  2463 | D:3      | Killed Natasha
  2922 | D:3      | Found a stormy altar of Qazlal.
  3143 | D:4      | Learned a level 3 spell: Mephitic Cloud
  3169 | D:4      | Found Jeegh's Assorted Antiques.
  3175 | D:4      | Found Cuutsyoz's Antique Armour Boutique.
  3176 | D:4      | Bought an embroidered hat for 175 gold pieces
  3280 | D:4      | Found Rieggo's Weapon Boutique.
  3592 | D:4      | Found Mevillul's Jewellery Shoppe.
  3600 | D:4      | Noticed a black bear
  3606 | D:4      | Killed a black bear
  3607 | D:4      | Reached skill level 1 in Fighting
  3607 | D:4      | Reached skill level 5 in Alchemy
  3607 | D:4      | Reached XP level 6. HP: 45/45 MP: 2/11
  3623 | D:4      | Reached *** piety under Hepliaklqana
  3816 | D:4      | Found Uqegaf's Armour Boutique.
  4020 | D:5      | Entered Level 5 of the Dungeon
  4020 | D:5      | Noticed a black bear
  4020 | D:5      | Noticed Edmund
  4105 | D:5      | Noticed a black bear
  4106 | D:5      | Reached XP level 7. HP: 45/51 MP: 10/12
  4182 | D:5      | Found a shimmering blue altar of Sif Muna.
  4250 | D:5      | Reached skill level 6 in Alchemy
  4522 | D:5      | Reached skill level 1 in Air Magic
  4567 | D:5      | Killed Edmund
  4568 | D:5      | Reached XP level 8. HP: 57/57 MP: 3/14
  5135 | D:6      | Reached **** piety under Hepliaklqana
  5167 | D:6      | Reached skill level 5 in Stealth
  5167 | D:6      | Reached skill level 7 in Alchemy
  5365 | D:6      | Found a sand-covered staircase.
  5370 | Ossuary  | Entered an ossuary
  5480 | Ossuary  | Reached skill level 5 in Spellcasting
  5575 | Ossuary  | Learned a level 4 spell: Sticky Flame
  5591 | Ossuary  | Gained mutation: You are agile. (Dex +4, Str/Int -1)
                  | [potion of mutation]
  5591 | Ossuary  | Gained mutation: You are frail. (-10% HP) [potion of
                  | mutation]
  5591 | Ossuary  | Gained mutation: Your spells are a little harder to cast,
                  | but a little more powerful. [potion of mutation]
  6137 | D:6      | Reached XP level 9. HP: 54/58 MP: 15/17
  6469 | D:6      | Reached skill level 1 in Evocations
  6557 | D:6      | Learned a level 4 spell: Petrify
  6972 | D:7      | You fall into a shaft and drop 3 floors!
  6972 | D:10     | Entered Level 10 of the Dungeon
  6975 | D:10     | Found the +10 Black Knight's barding {ponderous, rPois rN+}
  6981 | D:10     | Found an opulent altar of Gozag.
  6989 | D:10     | Noticed Amaemon
  6993 | D:10     | Noticed an unseen horror
  6994 | D:10     | Noticed an orange demon
  7012 | D:10     | Killed an unseen horror
  7014 | D:10     | Killed an orange demon
  7015 | D:10     | Reached skill level 8 in Alchemy
  7030 | D:10     | Killed Amaemon
  7162 | D:10     | Reached XP level 10. HP: 64/64 MP: 9/20
  7296 | D:10     | Found Dyexuawke's Antique Armour Shoppe.
  7317 | D:10     | Noticed Fannar
  7322 | D:10     | Reached skill level 9 in Alchemy
  7345 | D:10     | Killed Fannar
  7348 | D:10     | Reached skill level 1 in Maces & Flails
  7366 | D:10     | Found a snail-covered altar of Cheibriados.
  7383 | D:10     | Reached ***** piety under Hepliaklqana
  7435 | D:10     | Noticed Maggie
  7456 | D:10     | Killed Maggie
  8138 | D:10     | Found a blossoming altar of Fedhas.
  8152 | D:11     | Noticed a manticore
  8164 | D:11     | Killed a manticore
  8169 | D:11     | Reached XP level 11. HP: 47/69 MP: 4/23
  8173 | D:11     | Noticed Nergalle
  8174 | D:11     | Reached skill level 5 in Conjurations
  8199 | D:11     | Killed Nergalle
  8200 | D:11     | Reached skill level 10 in Alchemy
  8209 | D:11     | Reached skill level 5 in Air Magic
  8361 | D:11     | Noticed Lodul
  8381 | D:11     | Killed Lodul
  8745 | D:11     | Noticed Josephine
  8779 | D:11     | Killed Josephine
  9203 | D:12     | Found a staircase to the Orcish Mines.
  9370 | Orc:1    | Entered Level 1 of the Orcish Mines
  9498 | Orc:1    | Found Payl's Mayhem Merchandise.
  9503 | Orc:1    | Found a roughly hewn altar of Beogh.
  9655 | Orc:1    | Bought the +7 great mace "Firestarter" {flame, immolate,
                  | rFlCloud rF++} for 783 gold pieces
  9655 | Orc:1    | Found the +7 great mace "Firestarter" {flame, immolate,
                  | rFlCloud rF++}
  9674 | Orc:1    | Learned a level 5 spell: Irradiate
  9736 | Orc:1    | Reached XP level 12. HP: 62/77 MP: 10/25
  9947 | Orc:2    | Entered Level 2 of the Orcish Mines
 10012 | Orc:2    | Reached skill level 11 in Alchemy
 10038 | Orc:2    | Reached skill level 5 in Maces & Flails
 10075 | Orc:2    | Found Reiczima's Distillery.
 10107 | Orc:2    | Found an ancient bone altar of Kikubaaqudgha.
 10107 | Orc:2    | Noticed an ogre mage
 10109 | Orc:2    | Paralysed by an ogre mage for 5 turns
 10119 | Orc:2    | Paralysed by an ogre mage for 4 turns
 10126 | Orc:2    | Reached skill level 10 in Stealth
 10126 | Orc:2    | Killed an ogre mage
 10175 | Orc:2    | Slain by an ogre

Illustrated notes

Levels and vault maps discovered:
D:1:      minmay_arrival_four_circles, layout_basic, serial_shops, shop,
          shapermc_ecumenical_altar_petra
D:2:      layout_loops_cross, serial_undead, serial_undead_e, serial_undead_b,
          serial_undead_f, serial_undead_e, uniq_robin
D:3:      layout_basic, mainiacjoe_overflow_alcove_1, uniq_natasha
D:4:      layout_loops_corners, serial_shops, nicolae_shop_waterfront,
          nicolae_diamond_shop, shop, shop, nicolae_shop_just_a_little_nook
D:5:      layout_cave_pools, kennysheep_little_box, grunt_ministairs_1,
          serial_bayou_lake_a, uniq_edmund
D:6:      layout_gridville, enter_ossuary_5
D:7:      layout_loops_ring, temple_statues, serial_shops,
          nicolae_shop_tiny_real_fake_doors, roadster_capsule_ark_zombie
D:10:     layout_basic, kennysheep_mini_moat, old_standard_altar,
          cheibriados_altar_1, serial_shops, shop, worms_lemuel, uniq_maggie,
          uniq_amaemon, uniq_fannar
D:11:     layout_rooms, nrook_mini_vaults, uniq_lodul, uniq_nergalle,
          uniq_josephine
D:12:     layout_grid_maze, david_orc_3, serial_shops,
          nicolae_shop_bloodbath_and_beyond
Orc:1:    layout_caves, minmay_shop_mayhem, mines2_david
Orc:2:    kennysheep_orc_mage_school, layout_caves, serial_shops, shop, shop,
          shop, nicolae_shop_tiny_real_fake_doors, roderic_batcave,
          guppyfry_orc_lava_fort

Skill      XL: |  1  2  3  4  5  6  7  8  9 10 11 12 |
---------------+-------------------------------------+-----
Alchemy        | 4 5 6 7 8 9 10 11 | 11.5
Stealth        | 4 6 7 8 9 10 | 10.1
Staves         | 1 2 3 4 |  4.3
Dodging        | 2 3 4 |  4.8
Spellcasting   | 3 4 5 6 8 9 |  9.9
Fighting       | 1 2 3 |  3.6
Conjurations   | 2 3 4 5 6 |  6.0
Air Magic      | 1 3 4 5 |  5.7
Evocations     | 1 |  1.9
Maces & Flails | 2 4 5 |  5.5
Armour         | |  0.1
Fire Magic     | |  0.5
Earth Magic    | |  0.3

Action                     |  1- 3 |  4- 6 |  7- 9 | 10-12 || total
---------------------------+-------+-------+-------+-------++-------
  Melee: Dagger            |     2 |       |       |       ||     2
         Staff             |    40 |    40 |   151 |       ||   231
         Demon whip        |       |       |     3 |   113 ||   116
         Great mace        |       |       |       |    32 ||    32
   Cast: Sting             |    45 |    36 |    20 |     2 ||   103
         Mercury Vapours   |       |     3 |     9 |     2 ||    14
         Olgreb's Toxic Ra |       |     2 |    12 |    33 ||    47
         Mephitic Cloud    |       |     2 |    19 |    77 ||    98
         Sticky Flame      |       |       |     1 |     1 ||     2
         Petrify           |       |       |     1 |       ||     1
 Invoke: Recall Ancestor   |       |     1 |     1 |     1 ||     3
         Ancestor Life: Kn |       |     1 |       |       ||     1
Ability: Spit Poison       |     6 |     9 |     8 |       ||    23
  Evoke: Wand              |       |       |     8 |       ||     8
    Use: Scroll            |       |     6 |    11 |     4 ||    21
         Potion            |       |       |     5 |    10 ||    15
   Stab: Confused          |       |       |     6 |    12 ||    18
         Distracted        |       |       |     1 |     1 ||     2
 Armour: Robe              |    36 |    42 |   154 |   246 ||   478
         Leather armour    |    17 |       |       |       ||    17
  Dodge: Dodged            |    33 |    25 |    92 |   120 ||   270

Table legend: (Time is in decaauts)
 A = Elapsed time spent in this place.
 B = Non-inter-level travel time spent in this place.
 C = Inter-level travel time spent in this place.
 D = Time resting spent in this place.
 E = Time spent auto-exploring this place.
 F = Levels seen in this place.
 G = Mean time per level.
                   A        B        C        D        E       F      G
               +--------+--------+--------+--------+--------+-----+--------+
         Total |  12706 |  10812 |   1894 |   1582 |   6726 |  13 |  977.4 |
       Dungeon |  10979 |   9295 |   1684 |   1371 |   6381 |  10 | 1097.9 |
  Orcish Mines |    989 |    779 |    210 |    105 |    341 |   2 |  494.5 |
       Ossuary |    738 |    738 |      0 |    106 |      4 |   1 |  738.0 |
               +--------+--------+--------+--------+--------+-----+--------+

Top non-repeatable levels by time:
    D:10: 1536 daAuts
     D:2: 1478 daAuts
     D:4: 1356 daAuts
     D:6: 1344 daAuts
     D:5: 1273 daAuts
     D:1: 1271 daAuts
    D:11: 1257 daAuts
     D:3: 1089 daAuts
 Ossuary: 738 daAuts
   Orc:1: 698 daAuts
   Orc:2: 290 daAuts
    D:12: 216 daAuts
     D:7: 154 daAuts
